 Dungeon Crawl Stone Soup version 0.27-a0-965-gbf8bb431c4 (webtiles) character file.

Game seed: 10313997424245684106

38 Dvallin the Ruffian (level 3, -4/29 HPs)
             Began as a Draconian Transmuter on Apr 12, 2021.
             Slain by an ice beast (14 damage)
             ... on level 2 of the Dungeon.
             The game lasted 00:01:21 (1428 turns).

Dvallin the Ruffian (Draconian Transmuter)          Turns: 1428, Time: 00:01:22

Health: -4/29      AC:  5    Str: 12    XL:     3   Next: 25%
Magic:  6/6        EV: 12    Int: 14    God:
Gold:   14         SH:  0    Dex: 11    Spells: 5/6 levels left

rFire    . . .     SeeInvis .     - Unarmed
rCold    . . .     Faith    .   (no shield)
rNeg     . . .     Spirit   .   (armour unavailable)
rPois    .         Reflect  .   (helmet currently unavailable)
rElec    .         Harm     .   (no cloak)
rCorr    .         Rampage  .   (no gloves)
Will     .....                  (boots currently unavailable)
Stlth    +.........             (no amulet)
HPRegen  0.09/turn              (no ring)
MPRegen  0.10/turn              (no ring)

@: appendages (expiring), slowed, very slow
A: horns 2, talons 2, AC +5, unfitting armour, cold-blooded
a: End Transformation


You were on level 2 of the Dungeon.
You had temporarily grown beastly horns and talons.
You visited 1 branch of the dungeon, and saw 2 of its levels.

You collected 14 gold pieces.

Inventory:

Magical Staves
 g - a staff of earth
Scrolls
 a - 2 scrolls of identify {unknown}
 b - a scroll of noise {unknown}
 c - a scroll of fog {unknown}
 e - a scroll of teleportation {unknown}
 f - a scroll of holy word {unknown}
Potions
 d - a potion of mutation {unknown}


   Skills:
 + Level 1.8 Fighting
 + Level 2.1 Dodging
 * Level 3.6 Unarmed Combat
 - Level 2.0 Spellcasting
 + Level 2.4 Transmutations


You had 5 spell levels left.
You knew the following spells:

 Your Spells              Type           Power      Damage    Failure   Level
a - Beastly Appendage     Tmut           16%        N/A       9%          1

Your spell library contained the following spells:

 Spells                   Type           Power      Damage    Failure   Level
 Wereblood                Tmut           8%         N/A       14%         2
 Spider Form              Tmut/Pois      2%         N/A       41%         3
 Ice Form                 Ice/Tmut       4%         N/A       82%         4
 Hydra Form               Tmut           4%         N/A       94%         5


Dungeon Overview and Level Annotations

Branches:
Dungeon (2/15)

Altars:


Innate Abilities, Weirdness & Mutations

You have temporarily grown beastly horns and talons.
Your plain brown scales are hard. (AC +5)
You cannot fit into any form of body armour.
You are cold-blooded and may be slowed by cold attacks.


Message History

A hobgoblin comes into view.
The ice beast hits you. The ice beast freezes you.
You closely miss the ice beast.
You claw the ice beast, but do no damage.
The hobgoblin shouts!
You hear a shout!
The ice beast hits you. The ice beast freezes you!
You hear a bark!
You hear a shout!
You are too injured to fight recklessly!
You are too injured to fight recklessly!
You are too injured to fight recklessly!
You closely miss the ice beast. Your kick misses the ice beast.
Your tail-slap misses the ice beast.
The ice beast closely misses you.
You hit the ice beast but do no damage.
Your transformation is almost over.
The ice beast barely misses you.
You hit the ice beast. You headbutt the ice beast.
The ice beast is lightly wounded.
The ice beast hits you but does no damage.
You hit the ice beast but do no damage. You headbutt the ice beast.
The ice beast is lightly wounded.
The ice beast hits you but does no damage.
You hit the ice beast but do no damage.
The ice beast is lightly wounded.
The ice beast hits you but does no damage.
You hit the ice beast. Your headbutt misses the ice beast.
The ice beast is lightly wounded.
The ice beast barely misses you.
You hit the ice beast but do no damage. Your kick misses the ice beast.
You headbutt the ice beast.
The ice beast is moderately wounded.
The ice beast hits you but does no damage.
You hit the ice beast but do no damage. Your kick misses the ice beast.
The ice beast is moderately wounded.
The ice beast closely misses you.
You barely miss the ice beast.
You claw the ice beast, but do no damage.
Your headbutt misses the ice beast.
The ice beast is moderately wounded.
The ice beast hits you. The ice beast freezes you!
You feel yourself slow down.
You die...

#.#.########.
#.# .#
#.#..........
#.. .#
#.###########
.. ..# .#
#........ ..#
..## .#
#.####### #g#
..# .#
#........ #.#
#.# .#
#>####### #[#
#.##.#.#.#
.?#
#gY@...#.#
#.##.######.#
#.#........#
#.#...#######
##....#
.....####
#####


You could see an ice beast and a hobgoblin.

Vanquished Creatures
  An adder (D:2)
  A dart slug (D:2)
  3 endoplasms (D:1)
  A giant cockroach (D:2)
  3 jackals (D:1)
  3 kobolds (D:1)
  6 quokkas
  4 ball pythons
  A bat (D:1)
23 creatures vanquished.

Notes
Turn   | Place    | Note
-------+----------+-------------------------------------------
     0 | D:1      | Dvallin the Draconian Transmuter began the quest for the
                  | Orb.
     0 | D:1      | Reached XP level 1. HP: 16/16 MP: 3/3
   327 | D:1      | Reached XP level 2. HP: 13/23 MP: 1/5
   478 | D:1      | Found a faded altar of an unknown god.
  1193 | D:2      | Reached XP level 3. HP: 19/29 MP: 6/6
  1409 | D:2      | Noticed an ice beast
  1428 | D:2      | Slain by an ice beast

Illustrated notes

Levels and vault maps discovered:
D:1:      nicolae_arrival_memento_mori, layout_loops_ring,
          ebering_ecumenical_altar_petrified
D:2:      layout_basic, minmay_circle_x

Skill      XL: |  1  2 |
---------------+-------+-----
Dodging        | 2 |  2.1
Fighting       | |  1.8
Unarmed Combat | |  3.6
Spellcasting   | |  2.0
Transmutations | |  2.4

Action                   || total
-------------------------++-------
Melee: Unarmed           ||    69
       Tailslap          ||     8
       Kick              ||    12
       Headbutt          ||     7
 Cast: Beastly Appendage ||    18
 Stab: Sleeping          ||     1
Armor: Skin              ||    17
Dodge: Dodged            ||    45

Table legend: (Time is in decaauts)
 A = Elapsed time spent in this place.
 B = Non-inter-level travel time spent in this place.
 C = Inter-level travel time spent in this place.
 D = Time resting spent in this place.
 E = Time spent auto-exploring this place.
 F = Levels seen in this place.
 G = Mean time per level.
                   A        B        C        D        E       F      G
               +--------+--------+--------+--------+--------+-----+--------+
         Total |   1424 |   1391 |     33 |      0 |   1236 |   2 |  712.0 |
       Dungeon |   1424 |   1391 |     33 |      0 |   1236 |   2 |  712.0 |
               +--------+--------+--------+--------+--------+-----+--------+

Top non-repeatable levels by time:
     D:1: 840 daAuts
     D:2: 584 daAuts
